 Dungeon Crawl Stone Soup version 0.32-a0-35-gd9ff480968 (webtiles) character file.

Game seed: 9467256633346845750

785 jlumianski the Ruffian (level 7, -8/53 HPs)
             Began as a Gnoll Shapeshifter on Jan 22, 2024.
             Mangled by an ogre
             ... wielding a +0 giant spiked club
              (24 damage)
             ... on level 6 of the Dungeon.
             The game lasted 00:20:32 (4507 turns).

jlumianski the Ruffian (Gnoll Shapeshifter)         Turns: 4507, Time: 00:20:33

Health: -8/53      AC: 11    Str: 16    XL:     7   Next: 86%
Magic:  11/11      EV:  6    Int:  9    God:
Gold:   387        SH:  0    Dex: 11    Spells: 11/11 levels left

rFire   . .          .
                       - Unarmed
rCold   . . .        (no shield)
rNeg    . . .        w - +0 plate armour
rPois   .            (helmet currently unavailable)
rElec   .            (cloak currently unavailable)
rCorr   .            (gloves currently unavailable)
SInv    .            (boots currently unavailable)
Will    .....        (no amulet) Stlth
                     (no ring)
HPRegen 0.28/turn    (no ring)
MPRegen 0.12/turn

%: no passive effects
@: beast-form
A: beast (slay +4), fangs 1, strong nose, distributed training
a: Begin Untransformation


You were on level 6 of the Dungeon.
You were a hulking beast.
You visited 2 branches of the dungeon, and saw 7 of its levels.

You collected 387 gold pieces.

Inventory:

Hand Weapons
 g - a +4 quarterstaff of chaos
Missiles
 i - 5 poisoned darts (quivered)
 r - 2 boomerangs
 s - 2 curare-tipped darts
Armour
 a - a +0 animal skin
 f - a +0 leather armour
 k - a +0 buckler
 o - a +0 chain mail
 w - a +0 plate armour (worn)
 x - a +1 cloak of preservation
Talismans
 c - a beast talisman
 d - a flux talisman
Wands
 n - a wand of light (6)
Scrolls
 h - a scroll of brand weapon
 m - 2 scrolls of fear {unknown}
 p - a scroll of poison {unknown}
 q - a scroll of revelation {unknown}
 t - a scroll of noise {unknown}
 v - a scroll of teleportation {unknown}
Potions
 b - a potion of lignification
 e - 2 potions of haste
 j - a potion of curing
 l - a potion of heal wounds
 u - 2 potions of brilliance {unknown}


   Skills:
 + Level 3.9 Fighting
 + Level 2.8 Short Blades
 + Level 2.8 Long Blades
 + Level 2.8 Axes
 + Level 2.8 Maces & Flails
 + Level 2.8 Polearms
 + Level 2.8 Staves
 + Level 2.8 Ranged Weapons
 + Level 2.8 Throwing
 + Level 2.8 Armour
 + Level 5.4 Dodging
 + Level 2.8 Stealth
 + Level 2.8 Shields
 + Level 7.2 Unarmed Combat
 + Level 2.8 Spellcasting
 + Level 2.3 Conjurations
 + Level 2.3 Hexes
 + Level 2.3 Summonings
 + Level 2.3 Necromancy
 + Level 2.3 Translocations
 + Level 2.3 Fire Magic
 + Level 2.3 Ice Magic
 + Level 2.3 Air Magic
 + Level 2.3 Earth Magic
 + Level 2.3 Alchemy
 + Level 3.1 Invocations
 + Level 2.8 Evocations
 + Level 7.1 Shapeshifting


You had 11 spell levels left.
You didn't know any spells.
Your spell library contained the following spells:

 Spells                   Type           Power      Damage    Failure   Level
 Apportation              Tloc           10%        N/A       100%        1
 Necrotise                Necr           20%        1d5       100%        1
 Sting                    Conj/Alch      20%        1d4       100%        1
 Summon Small Mammal      Summ           20%        N/A       100%        1


Dungeon Overview and Level Annotations

Branches:
Dungeon (6/15)             Temple (1/1) D:4

Altars:
Ashenzari
Dithmenos
Fedhas
Gozag
Nemelex Xobeh
Okawaru
Qazlal
Ru
Sif Muna
Vehumet
Xom
Yredelemnul
The Shining One

Shops:
D:2 (

Annotations:
Temple 4 transporters


Innate Abilities, Weirdness & Mutations

You are a hulking beast.
Your limbs bulge with bestial killing power. (Slay +4)
You have very sharp teeth.
Your uncanny sense of smell can sniff out nearby items.
Your experience applies equally to all skills.


Message History

The orc wizard flickers and vanishes!
Deactivating autopickup; reactivate with Ctrl-A.
The orc hits you but does no damage.
You see here a +0 shortbow.
You punch the orc!
You kill the orc!
You punch the orc priest! Your bite misses the orc priest.
The orc priest is almost dead.
The orc priest looks encouraged for a moment.
You completely miss the orc priest.
The orc priest is almost dead.
You closely miss something. You barely miss something.
The orc priest hits you but does no damage.
Something hits you but does no damage.
You punch something! Your punch misses something.
The orc priest hits you with a +0 hand axe.
Something completely misses you.
You miss something.
The orc priest hits you with a +0 hand axe.
Something hits you but does no damage.
You punch the orc priest!
You kill the orc priest!
You hit the orc.
The orc is severely wounded.
The orc hits you but does no damage. Something hits you but does no damage.
You barely miss the orc. You punch the orc.
You kill the orc!
Something hits you.
You punch the ogre!
The ogre is moderately wounded.
Something hits you.
The ogre hits you with a +0 giant spiked club!
You barely miss the ogre.
The ogre is moderately wounded.
You punch the ogre!
The ogre is severely wounded.
Something hits you but does no damage.
The ogre hits you with a +0 giant spiked club!!
You die...

####...####
#..........# ∆ .
#..........# ..
#.......... ...
....#..... ....
......... ....$
....#...####......
#..<..<..hO......
#.#....#†{#......
#....#..# ##...
#..#.#..# .
.......(..
#...........
##...........
#......#..... ...
......


You could see an ogre.

Vanquished Creatures
  Sigmund (D:2)
  A centaur (D:6)
  A bombardier beetle (D:5)
  2 orc priests
  Crazy Yiuf (D:4)
  Ijyb (Temple)
  Natasha (thrice) (D:2)
  An orc wizard (D:3)
  7 gnolls
  9 adders
  A dart slug (D:2)
  2 ribbon worms
  17 orcs
  5 bats
  6 endoplasms
  3 giant cockroaches
  31 goblins
  30 hobgoblins
  3 quokkas
  9 ball pythons
  5 frilled lizards
  10 kobolds
  4 rats
153 creatures vanquished.

Notes
Turn   | Place    | Note
-------+----------+-------------------------------------------
     0 | D:1      | jlumianski the Gnoll Shapeshifter began the quest for the
                  | Orb.
     0 | D:1      | Reached XP level 1. HP: 17/17 MP: 1/1
   276 | D:2      | Noticed Natasha
   399 | D:1      | Reached XP level 2. HP: 23/23 MP: 2/2
   561 | D:2      | Found Rodeplul's Weapon Shop.
   647 | D:2      | Killed Natasha
   648 | D:2      | Reached skill level 1 in Short Blades
   648 | D:2      | Reached skill level 1 in Long Blades
   648 | D:2      | Reached skill level 1 in Axes
   648 | D:2      | Reached skill level 1 in Maces & Flails
   648 | D:2      | Reached skill level 1 in Polearms
   648 | D:2      | Reached skill level 1 in Staves
   648 | D:2      | Reached skill level 1 in Ranged Weapons
   648 | D:2      | Reached skill level 1 in Throwing
   648 | D:2      | Reached skill level 1 in Armour
   648 | D:2      | Reached skill level 1 in Stealth
   648 | D:2      | Reached skill level 1 in Shields
   648 | D:2      | Reached skill level 1 in Spellcasting
   648 | D:2      | Reached skill level 1 in Invocations
   648 | D:2      | Reached skill level 1 in Evocations
   648 | D:2      | Reached XP level 3. HP: 28/28 MP: 2/4
   771 | D:2      | Reached XP level 4. HP: 28/34 MP: 5/5
   780 | D:2      | Noticed Natasha
   788 | D:2      | Killed Natasha
   789 | D:2      | Reached skill level 1 in Conjurations
   789 | D:2      | Reached skill level 1 in Hexes
   789 | D:2      | Reached skill level 1 in Summonings
   789 | D:2      | Reached skill level 1 in Necromancy
   789 | D:2      | Reached skill level 1 in Translocations
   789 | D:2      | Reached skill level 1 in Fire Magic
   789 | D:2      | Reached skill level 1 in Ice Magic
   789 | D:2      | Reached skill level 1 in Air Magic
   789 | D:2      | Reached skill level 1 in Earth Magic
   789 | D:2      | Reached skill level 1 in Alchemy
  1535 | D:2      | Reached XP level 5. HP: 40/40 MP: 7/7
  1770 | D:2      | Noticed Sigmund
  1783 | D:3      | Found a faded altar of an unknown god.
  1819 | D:2      | Killed Sigmund
  1820 | D:2      | Reached skill level 5 in Dodging
  1820 | D:2      | Reached XP level 6. HP: 38/47 MP: 7/9
  1943 | D:2      | Noticed Natasha
  1956 | D:2      | Killed Natasha
  2796 | D:4      | Found a staircase to the Ecumenical Temple.
  2805 | Temple   | Found a transporter.
  2805 | Temple   | Found a transporter.
  2805 | Temple   | Found a transporter.
  2805 | Temple   | Found a transporter.
  2805 | Temple   | Entered the Ecumenical Temple
  2849 | D:4      | Noticed Ijyb
  2867 | Temple   | Killed Ijyb
  2868 | Temple   | Reached XP level 7. HP: 13/52 MP: 10/10
  4169 | D:5      | Entered Level 5 of the Dungeon
  4311 | D:4      | Found a runed translucent door.
  4312 | D:4      | Noticed Crazy Yiuf
  4317 | D:4      | Killed Crazy Yiuf
  4507 | D:6      | Mangled by an ogre

Illustrated notes

Levels and vault maps discovered:
D:1:      dpeg_arrival_snail, layout_loops_corners
D:2:      layout_basic, serial_shops, nicolae_shop_bloodbath_and_beyond,
          minmay_shallow_snake_nest, uniq_natasha, uniq_sigmund
D:3:      minmay_goblin_kobold_castle, layout_basic,
          nicolae_ecumenical_oubliette, kennysheep_generic_room_9
D:4:      layout_cave_pools, minmay_temple_entry_slanted,
          uniq_crazy_yiuf_cottage, uniq_ijyb
D:5:      layout_basic, nicolae_elyvilon_temple_path, uniq_edmund
D:6:      layout_basic, cheibrodos_sewer_entry_sluice
Temple:   hellmonk_temple_divided_pantheon

Skill      XL: |  1  2  3  4  5  6  7 |
---------------+----------------------+-----
Short Blades   | 1 2 |  2.8
Long Blades    | 1 2 |  2.8
Axes           | 1 2 |  2.8
Maces & Flails | 1 2 |  2.8
Polearms       | 1 2 |  2.8
Staves         | 1 2 |  2.8
Ranged Weapons | 1 2 |  2.8
Throwing       | 1 2 |  2.8
Armour         | 1 2 |  2.8
Stealth        | 1 2 |  2.8
Shields        | 1 2 |  2.8
Spellcasting   | 1 2 |  2.8
Invocations    | 1 2 3 |  3.1
Evocations     | 1 2 |  2.8
Conjurations   | 1 2 |  2.3
Hexes          | 1 2 |  2.3
Summonings     | 1 2 |  2.3
Necromancy     | 1 2 |  2.3
Translocations | 1 2 |  2.3
Fire Magic     | 1 2 |  2.3
Ice Magic      | 1 2 |  2.3
Air Magic      | 1 2 |  2.3
Earth Magic    | 1 2 |  2.3
Alchemy        | 1 2 |  2.3
Fighting       | 3 |  3.9
Dodging        | 5 |  5.4
Unarmed Combat | 7 |  7.2
Shapeshifting  | 7 |  7.1

Action                     |  1- 3 |  4- 6 |  7- 9 || total
---------------------------+-------+-------+-------++-------
  Melee: Unarmed           |    52 |   165 |   128 ||   345
         Bite              |     5 |    11 |    11 ||    27
         Punch             |     1 |     5 |     5 ||    11
  Throw: Dart              |       |     3 |       ||     3
    Use: Scroll            |       |     5 |       ||     5
         Potion            |       |     1 |     2 ||     3
   Stab: Sleeping          |       |     1 |       ||     1
 Armour: Leather armour    |    26 |    10 |       ||    36
         Chain mail        |       |   149 |    33 ||   182
         Plate armour      |       |       |    70 ||    70
  Dodge: Dodged            |    25 |    85 |    41 ||   151

Table legend: (Time is in decaauts)
 A = Elapsed time spent in this place.
 B = Non-inter-level travel time spent in this place.
 C = Inter-level travel time spent in this place.
 D = Time resting spent in this place.
 E = Time spent auto-exploring this place.
 F = Levels seen in this place.
 G = Mean time per level.
                   A        B        C        D        E       F      G
               +--------+--------+--------+--------+--------+-----+--------+
         Total |   4490 |   4324 |    166 |    236 |   2115 |   7 |  641.4 |
       Dungeon |   4344 |   4178 |    166 |    150 |   2115 |   6 |  724.0 |
        Temple |    146 |    146 |      0 |     86 |      0 |   1 |  146.0 |
               +--------+--------+--------+--------+--------+-----+--------+

Top non-repeatable levels by time:
     D:3: 1463 daAuts
     D:1: 1077 daAuts
     D:2: 981 daAuts
     D:4: 634 daAuts
     D:5: 166 daAuts
  Temple: 146 daAuts
     D:6: 20 daAuts
